[Event "Team 45 45 League T66"]
[Site "Internet Chess Club"]
[Date "2015.09.26"]
[Round "4"]
[White "kingphisch"]
[Black "Visin"]
[Result "1-0"]
[WhiteElo "1470"]
[BlackElo "1189"]
[Opening "Scotch gambit"]
[ECO "C44"]
[Time "15:00:22"]
[TimeControl "2700+45"]

1. e4 e5 2. Nf3 Nc6 3. d4 exd4 4. Bc4 f6 5. c3 dxc3 6. Nxc3 d6 7. Be3 Bg4 8. O-O
Ne5 9. Nxe5 dxe5 10. Qxg4 Ne7 11. Rad1 Qc8 12. Be6 Qb8 13. Bd7+ Kf7 14. h4 g6
15. h5 gxh5 16. Qxh5+ Ng6 17. Qh3 Bd6 18. Be6+ Kg7 19. Qh6# {Black checkmated}
1-0

[Event "Team 45 45 League T66"]
[Site "Internet Chess Club"]
[Date "2015.09.29"]
[Round "4"]
[White "SugarIslander"]
[Black "tornado100"]
[Result "1-0"]
[WhiteElo "1637"]
[BlackElo "1649"]
[Opening "Benkö gambit"]
[ECO "A57"]
[Time "16:00:17"]
[TimeControl "2700+45"]

1. d4 Nf6 2. c4 c5 3. d5 b5 4. e3 b4 5. Be2 d6 6. Nf3 g6 7. b3 Bg7 8. Bb2 Nbd7
9. Nbd2 O-O 10. O-O Nb6 11. Qc2 a5 12. a4 Ba6 13. Rfe1 Qd7 14. h3 Rfe8 15. Rad1
Qc7 16. Nh2 Nbd7 17. f4 e6 18. e4 exd5 19. exd5 Nxd5 20. Bxg7 Kxg7 21. Bf3 Ne3
22. Rxe3 Rxe3 23. Bxa8 Rc3 24. Qb2 f6 25. Ne4 Re3 26. Nf1 Rxe4 27. Bxe4 Nb6 28.
Qd2 Nc8 29. Ne3 Bb7 30. Bxb7 Qxb7 31. Nd5 {Black resigns} 1-0

[Event "Team 45 45 League T66"]
[Site "Internet Chess Club"]
[Date "2015.09.27"]
[Round "4"]
[White "bluesun"]
[Black "Innes"]
[Result "0-1"]
[WhiteElo "1506"]
[BlackElo "1626"]
[Opening "Scandinavian (center counter) defense"]
[ECO "B01"]
[Time "17:01:05"]
[TimeControl "2700+45"]

1. e4 d5 2. exd5 c6 3. dxc6 Nxc6 4. Bb5 e5 5. Nc3 Nf6 6. h3 Bc5 7. d3 O-O 8. Nf3
Nd4 9. Nxd4 Bxd4 10. O-O a6 11. Bc4 b5 12. Bb3 Bb7 13. Bg5 Qb6 14. Ne2 Qc6 15.
Nf4 exf4 16. Qf3 Qxf3 17. gxf3 Bxb2 18. Rab1 Be5 19. Kg2 h6 20. Bxf6 Bxf6 21.
Rfe1 Rfe8 22. a4 Bc3 23. Rxe8+ Rxe8 24. axb5 axb5 25. Ba2 b4 26. Bc4 Ra8 27. h4
Ra1 28. Rg1 Rxg1+ 29. Kxg1 Bxf3 30. Kh2 h5 31. Bb5 Bf6 32. Kh3 Bd4 33. Bd7 Bxf2
34. d4 Bxd4 35. Bg4 hxg4+ 36. Kh2 g3+ 37. Kh3 g2 38. c3 g1=Q 39. h5 Qg3# {White
checkmated} 0-1

[Event "Team 45 45 League T66"]
[Site "Internet Chess Club"]
[Date "2015.09.27"]
[Round "4"]
[White "drsigmund1"]
[Black "mindstorm"]
[Result "0-1"]
[WhiteElo "1492"]
[BlackElo "1627"]
[Opening "King's Indian: London system"]
[ECO "A48"]
[Time "18:03:00"]
[TimeControl "2700+45"]

1. d4 Nf6 2. Nf3 g6 3. Bf4 Bg7 4. Nc3 d5 5. Qd2 Bf5 6. Bh6 O-O 7. Bxg7 Kxg7 8.
e3 Nbd7 9. Bd3 Bxd3 10. Qxd3 c5 11. e4 cxd4 12. Nxd5 Nxd5 13. exd5 Qa5+ 14. c3
dxc3 15. bxc3 Nf6 16. Qd4 Qxd5 17. Qxd5 Nxd5 18. O-O Nxc3 19. Rfe1 e6 20. Ne5
Rfd8 21. Re3 Nd5 22. Rf3 Nf6 23. Rb1 b6 24. g4 Rd5 25. Re1 Rf8 26. g5 Nd7 27.
Nc6 Rxg5+ 28. Kh1 Nf6 29. h4 Rg4 30. Rh3 Rf4 31. f3 a6 32. Ne5 Rc8 33. Rg1 h5
34. Rg5 Rf5 35. Rxf5 exf5 36. Rh2 Rc1+ 37. Kg2 Rc2+ 38. Kh3 Rxh2+ 39. Kxh2 Nd5
40. Nc4 b5 41. Nd2 Nc3 42. a3 Nd5 43. Nb3 Ne3 44. Nc5 a5 45. Nb7 Nc4 46. Kg3 a4
47. f4 Nxa3 48. Nc5 Nc4 49. Kf3 a3 50. Nb3 a2 51. Ke2 Na5 52. Na1 b4 53. Kd2 Kf6
54. Kc2 b3+ 55. Kb2 Ke6 56. Nxb3 Nxb3 57. Kxa2 Nd2 58. Kb2 Kd5 59. Kc2 Nf3 60.
Kd3 Nxh4 61. Ke3 Ng2+ 62. Kf2 Nxf4 63. Kg3 Ke5 64. Kh4 f6 65. Kg3 Ke4 66. Kh4
g5+ 67. Kg3 h4+ 68. Kh2 Ne2 69. Kg2 g4 70. Kh2 f4 71. Kg2 f3+ 72. Kh2 Ke3 73.
Kh1 Kf2 74. Kh2 g3+ 75. Kh1 g2+ 76. Kh2 g1=Q+ 77. Kh3 Qg3# {White checkmated}
0-1

[Event "Team 45 45 League T66"]
[Site "Internet Chess Club"]
[Date "2015.09.27"]
[Round "4"]
[White "viktory"]
[Black "sdcohle"]
[Result "1-0"]
[WhiteElo "1683"]
[BlackElo "1440"]
[Opening "Queen's gambit accepted"]
[ECO "D20"]
[Time "14:32:11"]
[TimeControl "2700+45"]

1. d4 d5 2. c4 dxc4 3. e3 a6 4. a4 c6 5. Bxc4 Nf6 6. Nf3 e6 7. O-O Be7 8. Nc3
Nbd7 9. b3 c5 10. Ba3 O-O 11. Qc2 b6 12. Rfd1 Bb7 13. Ng5 h6 14. Nge4 Nxe4 15.
Nxe4 Bxe4 16. Qxe4 Nf6 17. Qf3 Qc7 18. Rac1 Rfd8 19. dxc5 Rxd1+ 20. Rxd1 bxc5
21. Qxa8+ Kh7 22. Bd3+ g6 23. Qxa6 Kg7 24. Qc4 Nd5 25. Rc1 Qe5 26. Bxc5 Bf6 27.
Bd4 Qg5 28. Bxf6+ Nxf6 29. Qd4 e5 30. Qd8 Qh5 31. Rc8 Ng4 32. Qh8# {Black
checkmated} 1-0

[Event "Team 45 45 League T66"]
[Site "Internet Chess Club"]
[Date "2015.09.26"]
[Round "4"]
[White "QuieroAprender"]
[Black "houseofcook"]
[Result "1-0"]
[WhiteElo "1800"]
[BlackElo "1420"]
[Opening "French defense"]
[ECO "C00"]
[Time "14:00:31"]
[TimeControl "2700+45"]

1. e4 e6 2. Bc4 d5 3. exd5 exd5 4. Qe2+ Be7 5. Bb5+ c6 6. Ba4 Nf6 7. d3 O-O 8.
Nf3 Bb4+ 9. c3 Re8 10. Be3 Bc5 11. O-O Bb6 12. Bxb6 axb6 13. Qc2 Bg4 14. Nbd2
Nbd7 15. b4 b5 16. Bb3 Nb6 17. Rae1 Qc7 18. h3 Bh5 19. Nd4 Bg6 20. f4 h6 21. f5
Bh7 22. N2f3 g6 23. fxg6 Bxg6 24. Nh4 Rxe1 25. Rxe1 Re8 26. Rxe8+ Nxe8 27. Nxg6
fxg6 28. Qd2 Kh7 29. Qe3 Ng7 30. Bd1 Nc8 31. Bg4 Qe7 32. Qf2 Nd6 33. Nb3 Ndf5
34. Qe2 Qxe2 35. Bxe2 Nd6 36. Kf2 Nge8 37. g4 g5 38. Ke3 Kg7 39. Kd4 Kf6 40. Na5
Ke6 41. c4 bxc4 42. dxc4 dxc4 43. Bxc4+ Nxc4 44. Nxc4 Nd6 45. a4 Nxc4 46. Kxc4
Kd6 47. a5 Kd7 48. b5 cxb5+ 49. Kxb5 Kc7 50. Kc5 Kd7 51. Kd5 Ke7 52. Ke5 Ke8 53.
Kf6 Kf8 54. Kg6 {Black resigns} 1-0

[Event "Team 45 45 League T66"]
[Site "Internet Chess Club"]
[Date "2015.09.24"]
[Round "4"]
[White "mongmong"]
[Black "drsigmund1"]
[Result "1-0"]
[WhiteElo "1626"]
[BlackElo "1503"]
[Opening "Queen's pawn"]
[ECO "A40"]
[Time "19:05:19"]
[TimeControl "2700+45"]

1. d4 e6 2. Nf3 f5 3. g3 b6 4. Bg2 Bb7 5. O-O Nf6 6. c4 Be7 7. Nc3 O-O 8. d5 Ne4
9. Nxe4 fxe4 10. Nd2 exd5 11. cxd5 Bxd5 12. Bxe4 Bxe4 13. Nxe4 d5 14. Nd2 c5 15.
Nf3 Bf6 16. Rb1 Na6 17. Bd2 Nc7 18. Qc2 Qe7 19. Rfe1 Rae8 20. Kg2 Qe4 21. Qxe4
Rxe4 22. e3 Rfe8 23. b3 d4 24. exd4 Rxe1 25. Rxe1 Rxe1 26. Bxe1 Bxd4 27. Nxd4
cxd4 28. Kf3 Kf7 29. Ke4 Ne6 30. f4 g5 31. fxg5 Nxg5+ 32. Kf4 Kf6 33. Bf2 Nh3+
34. Kf3 Nxf2 35. Kxf2 Ke5 36. Kf3 h5 37. h3 a5 38. g4 hxg4+ 39. hxg4 b5 40. g5
Kf5 41. g6 Kxg6 42. Ke4 d3 43. Kxd3 Kf5 44. Kd4 Ke6 45. Kc5 Ke5 46. Kxb5 Kd4 47.
Kxa5 Kc5 48. b4+ Kc6 49. b5+ Kb7 50. Kb4 Ka7 51. a4 Kb6 52. a5+ Ka7 53. Kc5 Ka8
54. b6 Kb7 55. Kb5 Ka8 56. Kc6 Kb8 57. b7 Ka7 58. Kc7 Ka6 59. b8=Q Kxa5 60. Kc6
Ka4 61. Kc5 Ka3 62. Kc4 Ka2 63. Kc3 Ka1 64. Kb3 Kb1 65. Qc8 Ka1 66. Qc1# {Black
checkmated} 1-0

[Event "Team 45 45 League T66"]
[Site "Internet Chess Club"]
[Date "2015.09.27"]
[Round "4"]
[White "BrianWood"]
[Black "guyd52"]
[Result "1/2-1/2"]
[WhiteElo "1477"]
[BlackElo "1371"]
[Opening "Robatsch (modern) defense"]
[ECO "B07"]
[Time "19:00:29"]
[TimeControl "2700+45"]

1. e4 d6 2. d4 g6 3. Nc3 Bg7 4. f3 Nf6 5. Be3 O-O 6. Qd2 Nbd7 7. h4 h5 8. O-O-O
a5 9. Bh6 e5 10. Bxg7 Kxg7 11. Nge2 b5 12. dxe5 Nxe5 13. Nf4 b4 14. Ncd5 Bb7 15.
Nxf6 Qxf6 16. Nd5 Qd8 17. Be2 Qd7 18. f4 Bxd5 19. exd5 Ng4 20. Bxg4 Qxg4 21.
Rde1 Rfe8 22. Qf2 {Game drawn by mutual agreement} 1/2-1/2

[Event "Team 45 45 League T66"]
[Site "Internet Chess Club"]
[Date "2015.09.28"]
[Round "4"]
[White "JohLeb"]
[Black "Andaluz"]
[Result "1-0"]
[WhiteElo "1329"]
[BlackElo "1367"]
[Opening "QGD semi-Slav"]
[ECO "D43"]
[Time "13:58:15"]
[TimeControl "2700+45"]

1. d4 Nf6 2. c4 e6 3. Nf3 c6 4. Nc3 d5 5. Bg5 Be7 6. e3 Nbd7 7. Bd3 c5 8. O-O
cxd4 9. Nxd4 dxc4 10. Bxc4 a6 11. Qe2 O-O 12. Rad1 Qa5 13. Bh4 Ne5 14. Bb3 Bd7
15. Nf3 Nxf3+ 16. Qxf3 Bc6 17. Qe2 Rad8 18. f3 Rxd1 19. Rxd1 Qb6 20. Bf2 Bc5 21.
e4 Bxf2+ 22. Qxf2 Qb4 23. Rd4 Qa5 24. Ba4 b5 25. Bc2 Rd8 26. e5 Rxd4 27. Qxd4
Nd5 28. Qh4 h6 29. Nxd5 Bxd5 30. a3 Qd2 31. Qd8# {Black checkmated} 1-0

[Event "Team 45 45 League T66"]
[Site "Internet Chess Club"]
[Date "2015.09.24"]
[Round "4"]
[White "unclevinny"]
[Black "Invicta-Knight"]
[Result "1-0"]
[WhiteElo "1641"]
[BlackElo "1508"]
[Opening "Scandinavian: Pytel-Wade variation"]
[ECO "B01"]
[Time "12:28:25"]
[TimeControl "2700+45"]

1. e4 d5 2. exd5 Qxd5 3. Nc3 Qd6 4. d4 g6 5. Nf3 Nh6 6. h3 Bg7 7. Be2 Nf5 8. Nb5
Qb6 9. c3 Bd7 10. Na3 Nd6 11. O-O Nc6 12. Nd2 Be6 13. Ndc4 Nxc4 14. Nxc4 Bxc4
15. Bxc4 e6 16. Qe2 O-O-O 17. Be3 Qa5 18. Bb5 Ne7 19. b4 Qb6 20. d5 {Black
resigns} 1-0

[Event "Team 45 45 League T66"]
[Site "Internet Chess Club"]
[Date "2015.09.23"]
[Round "4"]
[White "BrerRabbit"]
[Black "KidRattler"]
[Result "1/2-1/2"]
[WhiteElo "1445"]
[BlackElo "1745"]
[Opening "Réti opening"]
[ECO "A04"]
[Time "19:24:39"]
[TimeControl "2700+45"]

1. Nf3 c5 2. g3 g6 3. Bg2 Bg7 4. O-O d5 5. d3 Nf6 6. Nbd2 b6 7. e4 Bb7 8. Re1 e6
9. c3 O-O 10. e5 Nfd7 11. d4 Nc6 12. Nf1 Qc7 13. h4 h5 14. Bf4 Ne7 15. Ne3 Nf5
16. Nf1 cxd4 17. cxd4 Rfc8 18. Rc1 Qd8 19. Qd2 Rxc1 20. Rxc1 Rc8 21. Ne3 Rxc1+
22. Qxc1 Nxe3 23. Bxe3 Qc8 24. Qxc8+ Bxc8 25. Bf1 Nb8 26. Bb5 Bd7 27. Bd3 Nc6
28. a3 Na5 29. Nd2 b5 30. Bc2 Bf8 31. Nb3 Nc4 32. Bc1 b4 33. Nc5 Bxc5 34. dxc5
bxa3 35. bxa3 Nxe5 36. Kf1 Bb5+ 37. Ke1 d4 38. Bf4 Nf3+ 39. Kd1 d3 40. Bb3 Nd4
41. Ba2 Nc2 42. Bc1 Kf8 43. Bb1 Ba4 44. Kd2 Bb5 45. Bxc2 dxc2 46. Kxc2 Ke7 47.
Kb3 Kd7 48. Kb4 Kc6 49. Bg5 e5 50. Be3 f5 51. Bd2 Be2 52. Be3 a6 53. Bd2 a5+ 54.
Kxa5 Kxc5 55. Be3+ Kc4 56. Bg5 Kd3 57. Kb4 Ke4 58. f4 Kd5 59. fxe5 Kxe5 60. Bf4+
Kd5 {Game drawn by mutual agreement} 1/2-1/2

[Event "Team 45 45 League T66"]
[Site "Internet Chess Club"]
[Date "2015.09.24"]
[Round "4"]
[White "Arawn"]
[Black "bardu"]
[Result "0-1"]
[WhiteElo "1344"]
[BlackElo "1323"]
[Opening "Ruy Lopez: closed, Chigorin, 12...c5d4"]
[ECO "C99"]
[Time "15:25:37"]
[TimeControl "2700+45"]

1. e4 e5 2. Nf3 Nc6 3. Bb5 a6 4. Ba4 Nf6 5. O-O Be7 6. Re1 b5 7. Bb3 d6 8. c3
O-O 9. h3 Na5 10. Bc2 c5 11. d4 Qc7 12. Nbd2 cxd4 13. cxd4 Nc6 14. Nb3 a5 15.
Be3 a4 16. Nbd2 Bd7 17. Rc1 Qb7 18. a3 Rfe8 19. Nf1 Bd8 20. Ng3 h6 21. Qe2 b4
22. axb4 Nxb4 23. Bb1 Bb5 24. Qd1 a3 25. dxe5 a2 26. exf6 a1=Q 27. fxg7 Qxb2 28.
Bxh6 d5 29. Ng5 Bxg5 30. Bxg5 Qxg7 31. Qg4 Bd7 32. Nf5 Bxf5 33. exf5 f6 34.
Rxe8+ Rxe8 35. Bxf6 Qxg4 36. hxg4 Rc8 37. Rxc8+ Qxc8 38. Bb2 Qc4 39. Kh2 Qxg4
40. Ba3 Nc6 41. f6 Qh5+ 42. Kg1 Ne5 43. Ba2 Kf7 44. Bxd5+ Kxf6 45. Bb2 Qd1+
{White resigns} 0-1

[Event "Team 45 45 League T66"]
[Site "Internet Chess Club"]
[Date "2015.09.26"]
[Round "4"]
[White "PsyMar"]
[Black "Just-Jim"]
[Result "1-0"]
[WhiteElo "1363"]
[BlackElo "1327"]
[Opening "Petrov: modern (Steinitz) attack"]
[ECO "C43"]
[Time "11:00:30"]
[TimeControl "2700+45"]

1. e4 e5 2. Nf3 Nf6 3. d4 exd4 4. e5 Qe7 5. Be2 Qb4+ 6. c3 dxc3 7. bxc3 Qb6 8.
exf6 Qxf6 9. O-O h6 10. Qb3 Nc6 11. Bb2 d6 12. Nbd2 a6 13. Rfe1 Ne7 14. c4 Qg6
15. Bd3 f5 16. Re2 c6 17. Rae1 d5 18. cxd5 cxd5 19. Qa4+ Bd7 20. Qc2 Rc8 21. Qb3
b5 22. Ne5 Qh5 23. Nxd7 Kxd7 24. Re5 Kd8 25. Rxd5+ Nxd5 26. Qxd5+ Kc7 27. Rc1+
Kb6 28. Rxc8 Qd1+ 29. Nf1 Qe1 30. Qc6+ Ka5 31. Bc3+ Bb4 32. Bxe1 Rxc8 33. Qxc8
Bxe1 34. Qc7+ Kb4 35. Ne3 Ka4 36. Bc2+ Ka3 37. Kf1 Bb4 38. Bb3 a5 39. Nc2+ Kb2
40. Nxb4 axb4 41. Qc2+ Ka3 42. Qc1# {Black checkmated} 1-0

[Event "Team 45 45 League T66"]
[Site "Internet Chess Club"]
[Date "2015.09.27"]
[Round "4"]
[White "mongmong"]
[Black "SeniorCitizen"]
[Result "1/2-1/2"]
[WhiteElo "1617"]
[BlackElo "1399"]
[Opening "Queen's pawn game"]
[ECO "D02"]
[Time "13:00:14"]
[TimeControl "2700+45"]

1. d4 d5 2. Nf3 e6 3. e3 c5 4. c3 Nc6 5. Bd3 Bd7 6. Nbd2 Nf6 7. Qe2 Be7 8. O-O
O-O 9. dxc5 Bxc5 10. e4 dxe4 11. Nxe4 Nxe4 12. Qxe4 f5 13. Qe2 Qc7 14. Be3 Bd6
15. Rfd1 Ne5 16. Nxe5 Bxe5 17. h3 Rad8 18. f3 Bg3 19. Bf2 Bc8 20. Bxg3 Qxg3 21.
Qf2 Qxf2+ 22. Kxf2 Rd7 23. Bc4 Kf7 24. Rxd7+ Bxd7 25. Rd1 Ke7 26. f4 Rc8 27. Bb3
b5 28. a3 a5 29. Rd4 a4 30. Ba2 Rc7 31. Rd1 Rc6 32. Re1 Rd6 33. Re2 Bc6 34. Bb1
Kf6 35. g3 g6 36. Ke1 h6 37. Rd2 Rxd2 38. Kxd2 e5 39. fxe5+ Kxe5 40. Ke3 g5 41.
Bd3 h5 42. Be2 h4 43. gxh4 f4+ 44. Kf2 gxh4 45. Bf1 Kf5 {Game drawn by mutual
agreement} 1/2-1/2

[Event "Team 45 45 League T66"]
[Site "Internet Chess Club"]
[Date "2015.09.27"]
[Round "4"]
[White "olivermx"]
[Black "stantheman59"]
[Result "1-0"]
[WhiteElo "1329"]
[BlackElo "1200"]
[Opening "Ruy Lopez: Caro variation"]
[ECO "C70"]
[Time "13:37:53"]
[TimeControl "2700+45"]

1. e4 e5 2. Nf3 Nc6 3. Bb5 a6 4. Ba4 b5 5. Bb3 Nf6 6. d3 Bc5 7. O-O O-O 8. c3 h6
9. Bc2 d6 10. h3 Be6 11. d4 exd4 12. cxd4 Bc4 13. Re1 Bb4 14. Nbd2 Ne7 15. a3
Bxd2 16. Bxd2 c6 17. Bf4 Ng6 18. Bg3 Re8 19. b3 Be6 20. e5 Nh5 21. Bh2 d5 22.
Bxg6 fxg6 23. Qc2 Bf5 24. Qxc6 Re6 25. Qc3 Rc8 26. Qd2 Rc2 27. Qd1 Rec6 28. g4
Be4 29. gxh5 Bxf3 30. Qxf3 R6c3 31. Qg2 Qh4 32. Bg3 Rxg3 33. Qxg3 Qxd4 34. Qe3
Qh4 35. hxg6 d4 36. Qf3 Rc7 37. Qa8+ {Black resigns} 1-0

[Event "Team 45 45 League T66"]
[Site "Internet Chess Club"]
[Date "2015.09.27"]
[Round "4"]
[White "rhayder"]
[Black "Brazuka"]
[Result "1-0"]
[WhiteElo "1352"]
[BlackElo "1076"]
[Opening "Sicilian"]
[ECO "B54"]
[Time "17:04:53"]
[TimeControl "2700+45"]

1. e4 c5 2. Nf3 d6 3. d4 cxd4 4. Nxd4 e6 5. Nc3 a6 6. Be3 e5 7. Nf3 Be7 8. Qd2
h6 9. Nd5 Nf6 10. Nxf6+ Bxf6 11. O-O-O Be6 12. b3 b5 13. Qxd6 Qxd6 14. Rxd6 Be7
15. Rd3 O-O 16. Nxe5 a5 17. Be2 Na6 18. Nd7 Bxd7 19. Rxd7 Ba3+ 20. Kb1 a4 21.
Bxb5 axb3 22. cxb3 Nc5 23. Bxc5 Bxc5 24. f3 Ra5 25. Ba4 Rfa8 26. Rhd1 Bb6 27.
R7d5 Rb8 28. Rxa5 Bxa5 29. Rc1 Rd8 30. Rc5 Rd1+ 31. Kc2 Rd2+ 32. Kc1 Rxg2 33.
Rxa5 Rxh2 34. Ra8+ Kh7 35. Kb1 h5 36. e5 h4 37. Rf8 Kg6 38. Be8 Kf5 39. e6 Kxe6
40. b4 h3 41. b5 Rf2 42. Bc6 Kf6 43. Rh8 h2 44. f4 g5 45. fxg5+ Kxg5 46. b6 Rf1+
47. Kb2 Rf2+ 48. Ka3 Rf6 49. b7 Rh6 50. Rxh6 {Black resigns} 1-0

[Event "Team 45 45 League T66"]
[Site "Internet Chess Club"]
[Date "2015.09.26"]
[Round "4"]
[White "oldbookseller"]
[Black "chips"]
[Result "0-1"]
[WhiteElo "1098"]
[BlackElo "1174"]
[Opening "Queen's pawn: English defense"]
[ECO "A40"]
[Time "08:00:30"]
[TimeControl "2700+45"]

1. d4 b6 2. Nf3 Bb7 3. e3 Nf6 4. Bd3 g6 5. Nbd2 Bg7 6. O-O e6 7. b3 O-O 8. Bb2
d6 9. Rb1 Nbd7 10. e4 e5 11. Qe1 exd4 12. Bxd4 Re8 13. e5 dxe5 14. Nxe5 Nd5 15.
Ndf3 Re7 16. Qe2 Nf4 17. Qe3 Nxd3 18. Qxd3 Nxe5 19. Qc3 Nxf3+ 20. gxf3 Bxd4 21.
Qb4 Bxf3 22. c3 Bc5 23. Qc4 Qd5 24. Qf4 Qe4 25. Qg3 Bd6 26. Qh3 Qg4+ 27. Qxg4
Bxg4 28. f3 Bf5 29. Rb2 Rae8 30. f4 Bc5+ 31. Kg2 Be4+ 32. Kg3 Bd3 33. Rf3 Re3
34. Rf2 Rxf3+ 35. Rxf3 Bf5 36. b4 Bd6 37. a4 Bd7 38. c4 Re1 39. c5 Be7 40. Rd3
Bxa4 41. cxb6 axb6 42. Rd4 Rb1 43. f5 Rxb4 44. Rd5 Bd6+ {White resigns} 0-1

[Event "Team 45 45 League T66"]
[Site "Internet Chess Club"]
[Date "2015.09.26"]
[Round "4"]
[White "Uku"]
[Black "GideonL"]
[Result "1/2-1/2"]
[WhiteElo "1315"]
[BlackElo "1466"]
[Opening "Giuoco Pianissimo: Italian four knights variation"]
[ECO "C50"]
[Time "18:06:26"]
[TimeControl "2700+45"]

1. e4 e5 2. Nf3 Nc6 3. Bc4 Bc5 4. d3 Nf6 5. Nc3 O-O 6. O-O Be7 7. Bg5 d6 8. Bxf6
Bxf6 9. h3 Be6 10. Bb3 Bxb3 11. axb3 Be7 12. Nd5 f5 13. Qe2 f4 14. Nxe7+ Qxe7
15. c3 Nd8 16. b4 Ne6 17. Rfd1 Ng5 18. d4 Nxf3+ 19. Qxf3 exd4 20. cxd4 Rae8 21.
Qb3+ Kh8 22. f3 a6 23. d5 Qe5 24. Rdc1 Qd4+ 25. Kf1 Rc8 26. Qc3 Qxc3 27. bxc3 g5
28. Rab1 Kg7 29. b5 axb5 30. Rxb5 b6 31. c4 Kf6 32. Ke2 h5 33. Rf1 Rg8 34. Kd3
Ke5 35. Rf2 Ra8 36. Rb3 {Game drawn by mutual agreement} 1/2-1/2

[Event "Team 45 45 League T66"]
[Site "Internet Chess Club"]
[Date "2015.09.27"]
[Round "4"]
[White "guyd52"]
[Black "mindchess"]
[Result "1-0"]
[WhiteElo "1366"]
[BlackElo "1225"]
[Opening "Réti opening"]
[ECO "A04"]
[Time "08:30:24"]
[TimeControl "2700+45"]

1. Nf3 c5 2. g3 Nc6 3. Bg2 d5 4. d3 Nf6 5. O-O g6 6. Nbd2 Bg7 7. e4 Bg4 8. Qe1
Nb4 9. Qd1 dxe4 10. dxe4 O-O 11. Re1 Qd7 12. c3 Nc6 13. Qb3 Na5 14. Qa3 Qb5 15.
Bf1 Qb6 16. Ne5 Be6 17. Ndc4 Nxc4 18. Bxc4 Bxc4 19. Nxc4 Qc6 20. Be3 b6 21. e5
Nd5 22. Qb3 Rfd8 23. a4 Qe6 24. Bg5 f6 25. exf6 {Black resigns} 1-0

[Event "Team 45 45 League T66"]
[Site "Internet Chess Club"]
[Date "2015.09.27"]
[Round "4"]
[White "Jiawen5"]
[Black "Conjurer"]
[Result "0-1"]
[WhiteElo "1097"]
[BlackElo "1336"]
[Opening "Sicilian defense"]
[ECO "B33"]
[Time "22:08:35"]
[TimeControl "2700+45"]

1. e4 c5 2. Nf3 Nc6 3. d4 cxd4 4. Nxd4 Nf6 5. Nc3 e6 6. Be3 Be7 7. f3 O-O 8. Bc4
Ne5 9. Qe2 Bb4 10. a3 Bxc3+ 11. bxc3 Qa5 12. Kd2 Qc7 13. Bb3 d5 14. exd5 Nxd5
15. Rhe1 Qxc3+ 16. Kc1 Qxa1+ 17. Kd2 Qc3+ 18. Kc1 Nxe3 19. Qxe3 Qxe3+ 20. Rxe3
Nc6 21. Ne2 e5 22. Kb2 Be6 23. Bxe6 fxe6 24. c3 Rad8 25. Kc2 Rd5 26. Re4 Rfd8
{White resigns} 0-1

[Event "Team 45 45 League T66"]
[Site "Internet Chess Club"]
[Date "2015.09.27"]
[Round "4"]
[White "dabodhi"]
[Black "Electryon"]
[Result "1/2-1/2"]
[WhiteElo "1383"]
[BlackElo "1384"]
[Opening "French: Rubinstein variation"]
[ECO "C10"]
[Time "20:01:36"]
[TimeControl "2700+45"]

1. e4 e6 2. d4 d5 3. Nc3 dxe4 4. Nxe4 Be7 5. Nf3 Nf6 6. Bd3 Nbd7 7. Qe2 Nxe4 8.
Bxe4 O-O 9. O-O c5 10. Be3 cxd4 11. Bxd4 Bf6 12. Rad1 Bxd4 13. Rxd4 Qf6 14. Rfd1
Nc5 15. h4 Nxe4 16. Qxe4 Rb8 17. Ng5 g6 18. Qe3 b6 19. Qf4 Qxf4 20. Rxf4 h6 21.
Ne4 e5 22. Rf6 Bf5 23. f3 Kg7 24. Rdd6 Rbd8 25. Rxd8 Rxd8 26. Rc6 Bxe4 27. fxe4
Rd7 28. b3 f6 29. Kf2 Kf7 30. g4 Ke7 31. Ke3 Rd6 32. Rc7+ Rd7 33. Rc6 Rd6 34.
Rc7+ Rd7 35. Rc6 Rd6 36. Rc7+ {Game drawn by repetition} 1/2-1/2

[Event "Team 45 45 League T66"]
[Site "Internet Chess Club"]
[Date "2015.09.24"]
[Round "4"]
[White "Aquaman"]
[Black "jjaillet2007"]
[Result "1/2-1/2"]
[WhiteElo "1296"]
[BlackElo "1267"]
[Opening "Réti: King's Indian attack (Barcza system)"]
[ECO "A07"]
[Time "20:01:51"]
[TimeControl "2700+45"]

1. Nf3 d5 2. g3 e6 3. Bg2 c5 4. O-O Nc6 5. d3 Nf6 6. Nbd2 Bd6 7. Re1 O-O 8. e4
dxe4 9. dxe4 e5 10. Nc4 Bc7 11. Bg5 h6 12. Be3 b6 13. Bd2 Bg4 14. Bc3 b5 15.
Qxd8 Rfxd8 16. Ncxe5 Nd4 17. Bxd4 cxd4 18. Nxg4 Nxg4 19. h3 Ne5 20. Nxe5 Bxe5
21. f4 Bc7 22. e5 Rab8 23. Rad1 Kf8 24. Re4 Bb6 25. e6 fxe6 26. Rxe6 d3+ 27. Kf1
dxc2 28. Rc1 Rd1+ 29. Re1 Rxc1 30. Rxc1 Rc8 31. Ke2 Kf7 32. Kd3 Bf2 33. g4 g6
34. Rxc2 Rxc2 35. Kxc2 Bg3 36. f5 gxf5 37. gxf5 Kf6 38. Be4 Kg5 39. Kb3 a5 40.
Kc2 Kf4 41. Bd3 b4 42. b3 Bh4 43. Kd2 Kg3 44. Bf1 Kf4 45. Bd3 Kg3 46. Bf1 Kf4
47. Bd3 Kg3 48. Ke2 Kxh3 49. Kf3 Bg5 50. Be4 Kh4 51. Bd3 Bf6 52. Be4 Kg5 53. Kg3
h5 54. Kf3 h4 55. Kg2 Kf4 56. Bd3 Ke3 57. Bc2 Kd2 58. Be4 Kc1 59. Kf3 Kb2 60.
Bd5 Kxa2 61. Kg2 Ka3 62. Kh3 Kb2 63. Kg4 Kc3 64. Kh3 Kd4 65. Be6 Kc5 66. Kg4 Kb5
67. Kh3 a4 68. bxa4+ Kxa4 69. Kg4 b3 70. Bd5 b2 71. Be4 Kb4 72. Bb1 Kc4 73. Kh3
Kd4 74. Kg4 Ke3 75. Kh3 Kf4 76. Kh2 Kg4 77. Kh1 Kg3 78. Kg1 h3 79. Kh1 Be5 80.
Bc2 {Game drawn by mutual agreement} 1/2-1/2

[Event "Team 45 45 League T66"]
[Site "Internet Chess Club"]
[Date "2015.09.27"]
[Round "4"]
[White "Just-Jim"]
[Black "artspir"]
[Result "1-0"]
[WhiteElo "1362"]
[BlackElo "1238"]
[Opening "Queen's pawn game"]
[ECO "D00"]
[Time "14:00:37"]
[TimeControl "2700+45"]

1. d4 d5 2. f4 c6 3. Bd2 Bf5 4. e3 Nf6 5. c4 e6 6. Nf3 h6 7. Nc3 Be7 8. Be2 O-O
9. O-O Nbd7 10. c5 Ne4 11. Nxe4 dxe4 12. Ne5 Nxe5 13. fxe5 f6 14. g4 Bh7 15. Bc4
Qc8 16. Qb3 Bg6 17. Bxe6+ Bf7 18. Bxc8 Bxb3 19. axb3 Rfxc8 20. exf6 Bxf6 21. Rf4
Re8 22. b4 a6 23. b3 Bg5 24. Rff1 Re6 25. Kg2 Bh4 26. Kh3 Bg5 27. Rf5 Rg6 28.
Raf1 Re8 29. Kg3 Be7 30. h4 Rf6 31. Rxf6 Bxf6 32. Rf5 Rf8 33. g5 hxg5 34. hxg5
Bxd4 35. Rxf8+ Kxf8 36. exd4 Kf7 37. Kf4 Kg6 38. Kxe4 Kf7 39. Ke5 Ke7 40. g6 Kf8
41. Ke6 Ke8 42. Bf4 Kf8 43. Be5 Kg8 44. Kd7 Kf8 45. Kc7 Ke8 46. Kxb7 Ke7 47.
Bxg7 Kd7 48. Bh6 Ke6 49. g7 Kd5 50. g8=Q+ {Black resigns} 1-0

[Event "Team 45 45 League T66"]
[Site "Internet Chess Club"]
[Date "2015.09.25"]
[Round "4"]
[White "RobertBuice"]
[Black "bhandelman"]
[Result "0-1"]
[WhiteElo "1160"]
[BlackElo "1222"]
[Opening "QGD: Neo-orthodox variation, 7.Bxf6"]
[ECO "D55"]
[Time "22:00:16"]
[TimeControl "2700+45"]

1. d4 Nf6 2. c4 e6 3. Nf3 d5 4. Nc3 Be7 5. Bg5 O-O 6. e3 h6 7. Bxf6 Bxf6 8. cxd5
exd5 9. Bd3 Nd7 10. O-O Nb6 11. Rc1 Nc4 12. Bxc4 dxc4 13. Ne4 b5 14. Nxf6+ Qxf6
15. Ne5 Rd8 16. Qf3 Qxf3 17. Nxf3 Bg4 18. Ne5 Be6 19. Rfd1 f6 20. Nc6 Rd6 21. d5
Kf8 22. dxe6 Rxc6 23. Rd7 Re8 24. e7+ Rxe7 25. Rxe7 Kxe7 26. Rd1 c3 27. bxc3
Rxc3 28. h4 Rc2 29. a3 c5 30. e4 c4 31. e5 fxe5 32. Re1 Ke6 33. f4 c3 34. Rxe5+
Kf6 35. Rxb5 Rc1+ 36. Kh2 c2 37. Rc5 Ke6 38. Rc6+ Kd5 39. Rc3 Kd4 40. Rc7 Kd3
41. Rd7+ Kc3 42. Rc7+ Kb3 43. Rb7+ Kxa3 44. Rxa7+ Kb3 45. Rb7+ Kc3 46. Rc7+ Kd2
47. Rd7+ Ke3 48. f5 Rd1 49. Re7+ Kf4 50. f6 c1=Q 51. fxg7 Rh1# {White
checkmated} 0-1

[Event "Team 45 45 League T66"]
[Site "Internet Chess Club"]
[Date "2015.09.26"]
[Round "4"]
[White "kidviper"]
[Black "Egmont"]
[Result "1-0"]
[WhiteElo "1952"]
[BlackElo "1689"]
[Opening "French: Tarrasch"]
[ECO "C03"]
[Time "11:07:00"]
[TimeControl "2700+45"]

1. e4 e6 2. d4 d5 3. Nd2 dxe4 4. Nxe4 Bd7 5. Bd3 Bc6 6. Nf3 Nd7 7. O-O Ngf6 8.
Ng3 Be7 9. Qe2 Bxf3 10. Qxf3 c6 11. c4 O-O 12. Re1 Qa5 13. Re2 Rfe8 14. a3 Rac8
15. Bd2 Qc7 16. Rae1 c5 17. d5 Nf8 18. Bc3 Qd7 19. dxe6 Nxe6 20. Bf5 Bf8 21.
Bxf6 gxf6 22. Qg4+ Bg7 23. Nh5 {Black resigns} 1-0